 Dungeon Crawl Stone Soup version 0.29.1-2-gbd0b4ee654 (webtiles) character file.

Game seed: 6102296429798241837

80161 Avanven the Brawler (level 15, -1/124 HPs)
             Began as a Troll Artificer on Nov 6, 2022.
             Was the Champion of Okawaru.
             Killed by divine providence
             ... invoked by a smoke demon
              (11 damage)
             ... on level 1 of the Depths.
             The game lasted 00:59:04 (18221 turns).

Avanven the Brawler (Troll Artificer)              Turns: 18221, Time: 00:59:05

Health: -1/124     AC: 19    Str: 30    XL:     15   Next: 23%
Magic:  13/18      EV: 25    Int: 12    God:    Okawaru [******]
Gold:   1576       SH: 13    Dex: 10    Spells: 14/14 levels left

rFire   . . .      SeeInvis +     - Unarmed
rCold   . . .      Faith    .   e - +2 kite shield {reflect}
rNeg    . . .      Spirit   .   y - +2 swamp dragon scales
rPois   +          Reflect  +   (helmet restricted)
rElec   .          Harm     .   (no cloak)
rCorr   .          Rampage  .   (gloves unavailable)
Will    +....                   (boots unavailable)
Stlth   ++........              w - amulet of the acrobat
HPRegen 1.10/turn               N - ring of the Crown {Int+5 SInv}
MPRegen 0.16/turn               q - +4 ring of protection

@: heroic, finesse-ful, acrobatic, hasted, very quick
A: large, unfitting armour, claws 3, regeneration 1, shaggy fur 1, tough skin 1
a: Renounce Religion, Heroism, Finesse, Duel


You were on level 1 of the Depths.
You worshipped Okawaru.
Okawaru was exalted by your worship.
You visited 4 branches of the dungeon, and saw 22 of its levels.

You collected 1576 gold pieces.

Inventory:

Hand Weapons
 h - the +8 lajatang "Cedim" {drain, Str+4 Dex+3 SInv}
   (Okawaru gifted it to you on level 2 of the Lair of Beasts)

   A truly terrible weapon, it drains the life of any living foe it strikes.
   Str:       It affects your strength (+4).
   Dex:       It affects your dexterity (+3).
   SInv:      It lets you see invisible.
 A - a +1 arbalest of freezing
Missiles
 C - 3 atropa-tipped darts
Armour
 e - a +2 kite shield of reflection (worn)
 t - a +0 troll leather armour
 y - +2 swamp dragon scales (worn)
Jewellery
 f - a ring of protection from cold
 q - a +4 ring of protection (right claw)
 v - a ring of protection from fire
 w - an amulet of the acrobat (around neck)
 M - a ring of protection from cold
 N - the ring of the Crown (left claw) {Int+5 SInv}
   (You found it on level 13 of the Dungeon)

   [ring of see invisible]

   Int:       It affects your intelligence (+5).
   SInv:      It lets you see invisible.
Wands
 c - a wand of flame (21) (quivered)
 d - a wand of charming (15)
 l - a wand of roots (21)
 s - a wand of paralysis (13)
 x - a wand of polymorph (9)
 G - a wand of mindburst (4)
Scrolls
 a - 2 scrolls of identify
 b - 2 scrolls of amnesia
 g - 5 scrolls of teleportation
 i - 11 scrolls of enchant weapon
 k - a scroll of silence {unknown}
 m - 5 scrolls of magic mapping
 J - 2 scrolls of fog
Potions
 j - 4 potions of ambrosia
 p - 3 potions of haste
 r - 4 potions of brilliance
 z - 3 potions of magic
 B - 2 potions of flight
 D - a potion of lignification
 E - 4 potions of berserk rage
 F - 2 potions of might {unknown}
 H - 2 potions of cancellation {unknown}
 I - 2 potions of invisibility {unknown}
 K - a potion of resistance
 L - 4 potions of curing {unknown}
 O - a potion of attraction {unknown}
Miscellaneous
 n - a phial of floods
 o - a piece from Xom's chessboard (15/15)


   Skills:
 + Level 2.4(7.4) Fighting
 + Level 9.0(14.0) Armour
 - Level 1.9(6.9) Dodging
 - Level 0.3(5.3) Stealth
 + Level 8.5(13.5) Shields
 - Level 20.0(25.0) Unarmed Combat
 - Level 5.4 Invocations
 - Level 8.2 Evocations


You had 14 spell levels left.
You didn't know any spells.
Your spell library contained the following spells:

 Spells                   Type           Power      Damage    Failure   Level
 Apportation              Tloc           0%         N/A       56%         1
 Magic Dart               Conj           0%         1d3       56%         1
 Ensorcelled Hibernation  Hex/Ice        0%         N/A       71%         2
 Searing Ray              Conj           0%         2d4       71%         2
 Confusing Touch          Hex            0%         N/A       91%         3
 Frozen Ramparts          Ice            0%         1d1       91%         3
 Gell's Gravitas          Tloc           0%         N/A       91%         3
 Lesser Beckoning         Tloc           0%         N/A       91%         3
 Spider Form              Tmut/Pois      0%         N/A       91%         3
 Stone Arrow              Conj/Erth      0%         3d7       91%         3
 Teleport Other           Tloc           0%         N/A       91%         3
 Anguish                  Hex/Necr       0%         N/A       100%        4
 Fulminant Prism          Conj/Hex       0%         3d6       100%        4
 Ice Form                 Ice/Tmut       0%         N/A       100%        4
 Petrify                  Tmut/Erth      0%         N/A       100%        4
 Alistair's Intoxication  Tmut/Pois      0%         N/A       100%        5
 Metabolic Englaciation   Hex/Ice        0%         N/A       100%        5
 Yara's Violent Unravell  Hex/Tmut       0%         3d3       100%        5
 Statue Form              Tmut/Erth      0%         N/A       100%        6
 Enfeeble                 Hex            0%         N/A       100%        7
 Orb of Destruction       Conj           0%         9d5       100%        7
 Lehudib's Crystal Spear  Conj/Erth      0%         10d2      100%        8
 Summon Small Mammal      Summ           Unusable   N/A       N/A         1
 Call Canine Familiar     Summ           Unusable   N/A       N/A         3
 Summon Guardian Golem    Hex/Summ       Unusable   N/A       N/A         3
 Animate Armour           Summ/Erth      Unusable   N/A       N/A         4
 Summon Ice Beast         Ice/Summ       Unusable   N/A       N/A         4
 Spellforged Servitor     Conj/Summ      Unusable   N/A       N/A         7

Dungeon Overview and Level Annotations

Branches:
Dungeon (15/15)            Temple (1/1) D:5            Lair (5/5) D:9
  Swamp (0/4) Lair:2       Spider (0/4) Lair:2        Slime (0/5) Lair:4
    Orc (0/2) D:11         Vaults (0/5) D:13         Depths (1/4) D:15

Altars:
Ashenzari
Cheibriados
Dithmenos
Elyvilon
Fedhas
Hepliaklqana
Kikubaaqudgha
Makhleb
Nemelex Xobeh
Okawaru
Qazlal
Ru
Sif Muna
Trog
Uskayaw
Vehumet
Wu Jian
Xom
Yredelemnul
Zin
The Shining One
Jiyva

Shops:
D:7 !

Portals:
Trove: D:12 (give 8 potions of haste)

Annotations:
D:7 1 runed translucent door, Crazy Yiuf
Temple 4 transporters
Lair:3 3 runed translucent doors, Ceyvaan's ghost, journeyman DEFE
Lair:5 1 runed translucent door, itabs500's ghost, journeyman TrBe


Innate Abilities, Weirdness & Mutations

You are too large for most types of armour.
You have claws for hands.
Your natural rate of healing is unusually fast.
You are covered in fur. (AC +1)
You have tough skin. (AC +1)


Message History

You scratch the white very ugly thing but do no damage.
The white very ugly thing is almost dead.
You block the white very ugly thing's attack.
You barely miss the white very ugly thing.
The white very ugly thing is almost dead.
You scratch the white very ugly thing.
The white very ugly thing is almost dead.
You block the white very ugly thing's attack.
You eviscerate the white very ugly thing!!!
You kill the white very ugly thing!
Okawaru accepts your kill.
You closely miss the white very ugly thing.
You can now deal lightning-fast blows.
The white very ugly thing engulfs you.
The white very ugly thing freezes you!!!
You barely miss the white very ugly thing.
The white very ugly thing engulfs you but does no damage.
You closely miss the white very ugly thing.
You closely miss the white very ugly thing.
You mangle the white very ugly thing!!
The white very ugly thing is moderately wounded.
The white very ugly thing engulfs you.
The white very ugly thing freezes you!!!
* * * LOW HITPOINT WARNING * * *
The white very ugly thing attacks as you move away!
The white very ugly thing engulfs you but does no damage.
The white ugly thing basks in the mutagenic energy from its kin and changes!
Okay, then.
The white very ugly thing attacks as you move away!
You block the white very ugly thing's attack.
A smoke demon comes into view.
You feel yourself speed up.
The white ugly thing basks in the mutagenic energy from its kin and changes!
You block the white very ugly thing's attack.
The smoke demon roars!
Things that are here:
a +0 troll leather armour; a potion of mutation; a deep troll skeleton The smoke demon gestures at you.
Something smites you!
You die...

≈≈≈...#...............#
..........'...........#
.....#..###...........#
....'...###...........#
....##....#...........#
.... ####.#...........#
... #÷#...........#
.... ####.##'#######+##
..... #..@....# #.#
.....##..############.#
........3.............#
.#......u###########..#
.......÷u# #..#
####...≈.# ####
.........# ≈~≈~.##u##
≈≈≈≈. #.#


You could see 2 very ugly things, a cyan ugly thing and a smoke demon.

Vanquished Creatures
  2 very ugly things (Depths:1)
  A stone giant (Depths:1)
  A bunyip (Lair:3)
  3 dire elephants
  A fire dragon (Depths:1)
  An ettin (Depths:1)
  A vault guard (D:13)
  2 centaur warriors
  2 boulder beetles
  2 catoblepae
  An anaconda (Lair:3)
  3 hydras
  A two-headed ogre (D:11)
  A deep troll shaman (Depths:1)
  9 death yaks
  2 soul eaters (Depths:1)
  2 iron trolls (Depths:1)
  2 deep trolls (Depths:1)
  2 wizards (D:13)
  Pikel (D:7)
  3 harpies (D:12)
  3 necromancers (D:13)
  2 deep elf pyromancers (D:14)
  A wolf spider (D:15)
  10 ugly things
  A salamander (D:15)
  15 elephants
  2 cyclopes
  3 manticores
  Joseph (D:8)
  4 black mambas
  6 torpor snails
  A smoke demon (Depths:1)
  2 gargoyles
  12 cane toads
  An unseen horror (D:12)
  5 rime drakes
  A kobold demonologist (D:13)
  8 komodo dragons
  A hornet (Lair:3)
  A tyrant leech (Lair:2)
  A polar bear (Lair:4)
  Grinder (D:6)
  19 blink frogs
  6 dream sheep (Lair:5)
  3 jumping spiders (Lair:2)
  Sigmund (D:4)
  3 culicivoras (Lair:2)
  5 shadows
  2 water elementals
  A wraith (D:8)
  A vampire (D:13)
  45 yaks
  9 basilisks
  4 wyverns
  19 humans (D:13)
  2 steam dragons
  5 vampire mosquitoes
  3 redbacks (Lair:2)
  5 swamp worms (Lair:2)
  3 acid dragons
  Edmund (D:4)
  A spectral cane toad (Lair:5)
  13 water moccasins
  3 black bears
  2 sky beasts
  An ice beast (D:5)
  4 orc warriors
  3 ogres
  19 wolves
  8 centaurs
  2 phantoms
  A lemure (D:7)
  2 kobold brigands
  2 gnoll sergeants
  10 bullfrogs
  4 necrophages
  3 scorpions
  7 wights
  9 killer bees
  5 howler monkeys
  5 electric eels
  5 hounds
  5 jellies
  3 orc priests
  6 iguanas
  7 orc wizards
  A hell rat (Lair:3)
  20 gnolls
  13 adders
  2 river rats (D:5)
  A shadow imp (D:7)
  4 white imps
  An ufetubus (D:7)
  2 worms
  4 dart slugs
  26 orcs
  8 ball pythons
  5 bats
  11 endoplasms
  5 giant cockroaches
  7 hobgoblins
  3 quokkas
  7 frilled lizards
  8 goblins
  19 kobolds
  5 rats
544 creatures vanquished.

Vanquished Creatures (others)
  A centaur (D:9)
  A kobold brigand (D:10)
  23 fungi
  49 plants
  6 withered plants
80 creatures vanquished.

Grand Total: 624 creatures vanquished

Notes
Turn   | Place    | Note
-------+----------+-------------------------------------------
     0 | D:1      | Avanven the Troll Artificer began the quest for the Orb.
     0 | D:1      | Reached XP level 1. HP: 18/18 MP: 0/0
    75 | D:1      | Reached skill level 1 in Unarmed Combat
   162 | D:1      | Found a faded altar of an unknown god.
   301 | D:1      | Reached XP level 2. HP: 26/26 MP: 1/1
   810 | D:2      | Reached skill level 2 in Unarmed Combat
   834 | D:2      | Reached XP level 3. HP: 32/32 MP: 2/2
   977 | D:2      | Found an iron altar of Okawaru.
  1030 | D:2      | Became a worshipper of Warmaster Okawaru
  1236 | D:2      | Reached skill level 3 in Unarmed Combat
  1236 | D:2      | Reached XP level 4. HP: 40/40 MP: 3/3
  1577 | D:3      | Reached XP level 5. HP: 46/46 MP: 4/4
  1593 | D:3      | Identified the +0 leather armour of Dawn {rPois rF+}
  1700 | D:3      | Reached skill level 4 in Unarmed Combat
  1949 | D:4      | Reached * piety under Okawaru
  1965 | D:4      | Found a radiant altar of Vehumet.
  1965 | D:4      | Noticed Sigmund
  2004 | D:4      | Killed Sigmund
  2005 | D:4      | Reached skill level 5 in Unarmed Combat
  2005 | D:4      | Reached XP level 6. HP: 47/54 MP: 5/5
  2184 | D:4      | Reached ** piety under Okawaru
  2328 | D:4      | Reached XP level 7. HP: 59/61 MP: 6/6
  2552 | D:4      | Found a hazy altar of Hepliaklqana.
  2635 | D:4      | Noticed Edmund
  2648 | D:4      | Killed Edmund
  2649 | D:4      | Reached skill level 6 in Unarmed Combat
  2847 | D:5      | Entered Level 5 of the Dungeon
  2984 | D:5      | Reached skill level 7 in Unarmed Combat
  3095 | D:5      | Found a staircase to the Ecumenical Temple.
  3230 | D:5      | Reached XP level 8. HP: 59/68 MP: 7/7
  3440 | D:5      | Reached *** piety under Okawaru
  3521 | D:5      | Reached skill level 8 in Unarmed Combat
  4012 | Temple   | Entered the Ecumenical Temple
  4012 | Temple   | Found a transporter.
  4012 | Temple   | Found a transporter.
  4014 | Temple   | Found a transporter.
  4014 | Temple   | Found a transporter.
  4147 | D:5      | Reached skill level 5 in Evocations
  4228 | D:6      | Found a blossoming altar of Fedhas.
  4228 | D:6      | Noticed Eustachio
  4234 | D:6      | Noticed Eustachio
  4234 | D:6      | Eustachio changed into Eustachio the scorpion
  4240 | D:6      | Killed Eustachio the scorpion
  4251 | D:6      | Reached skill level 9 in Unarmed Combat
  4300 | D:6      | Found a glowing golden altar of the Shining One.
  4342 | D:6      | Noticed Grinder
  4344 | D:6      | Paralysed by Grinder for 4 turns
  4362 | D:6      | Killed Grinder
  4399 | D:6      | Reached XP level 9. HP: 68/75 MP: 8/8
  4479 | D:6      | Reached **** piety under Okawaru
  4480 | D:6      | Reached skill level 10 in Unarmed Combat
  4588 | D:6      | Found an ornate altar of the Wu Jian Council.
  4818 | D:7      | Found a broken altar of Ashenzari.
  4872 | D:7      | Noticed Pikel
  4895 | D:7      | Killed Pikel
  5090 | D:7      | Found Sijypp's Distillery.
  5177 | D:7      | Found a runed translucent door.
  5178 | D:7      | Noticed Crazy Yiuf
  5249 | D:7      | Reached skill level 11 in Unarmed Combat
  5578 | D:7      | Noticed Maggie
  5584 | D:7      | Noticed Maggie
  5584 | D:7      | Maggie changed into Maggie the black bear
  5593 | D:7      | Killed Maggie the black bear
  5931 | D:8      | Reached XP level 10. HP: 83/83 MP: 9/9
  5949 | D:8      | Noticed Joseph
  5964 | D:8      | Killed Joseph
  5964 | D:8      | Reached ***** piety under Okawaru
  6053 | D:8      | Reached skill level 12 in Unarmed Combat
  6061 | D:8      | You fall into a shaft and drop 1 floor!
  6193 | D:8      | Reached skill level 1 in Armour
  6658 | D:9      | Noticed a death yak
  6681 | D:8      | Killed a death yak
  6828 | D:9      | Noticed a death yak
  6833 | D:9      | Noticed a death yak
  6833 | D:9      | Noticed a death yak
  6834 | D:9      | Noticed a death yak
  6835 | D:9      | Killed a death yak
  6836 | D:9      | Reached skill level 13 in Unarmed Combat
  6838 | D:9      | Noticed a death yak
  6870 | D:9      | Noticed a death yak
  6873 | D:9      | Noticed a death yak
  6875 | D:9      | Noticed a death yak
  6883 | D:8      | Killed a death yak
  6933 | D:8      | Killed a death yak
  6996 | D:8      | Killed a death yak
  6996 | D:8      | Reached ****** piety under Okawaru
  6997 | D:8      | Reached XP level 11. HP: 34/89 MP: 10/10
  7074 | D:8      | Killed a death yak
  7074 | D:8      | Received a gift from Okawaru
  7075 | D:8      | Reached skill level 14 in Unarmed Combat
  7139 | D:8      | Killed a death yak
  7160 | D:8      | Killed a death yak
  7245 | D:9      | Killed a death yak
  7245 | D:9      | Received a gift from Okawaru
  7254 | D:9      | Found a staircase to the Lair.
  7593 | D:10     | Entered Level 10 of the Dungeon
  7674 | D:10     | Found an iron altar of Okawaru.
  7875 | D:10     | Reached skill level 1 in Shields
  7883 | D:10     | Reached skill level 5 in Armour
  8284 | Lair:1   | Entered Level 1 of the Lair of Beasts
  8368 | D:9      | Reached skill level 15 in Unarmed Combat
  8558 | Lair:1   | HP: 3/89 [cane toad (2)]
  8810 | Lair:1   | Identified the +0 ring mail of Amorous Life {Int+3}
  8989 | Lair:1   | Reached XP level 12. HP: 87/97 MP: 11/11
  9382 | Lair:2   | Found a snail-covered altar of Cheibriados.
  9601 | Lair:2   | Reached skill level 16 in Unarmed Combat
  9872 | Lair:2   | Identified the +8 lajatang "Cedim" {drain, Str+4 Dex+3
                  | SInv} (Okawaru gifted it to you on level 2 of the Lair of
                  | Beasts)
  9872 | Lair:2   | Received a gift from Okawaru
 10136 | Lair:2   | Found a hole to the Spider Nest.
 10306 | Lair:2   | Found a staircase to the Swamp.
 10336 | Lair:2   | Reached skill level 5 in Shields
 10765 | Lair:3   | Noticed a five-headed hydra
 10766 | Lair:3   | Noticed a bunyip
 10766 | Lair:3   | a five-headed hydra changed into a bunyip
 10778 | Lair:3   | Killed a bunyip
 10802 | Lair:3   | Received a gift from Okawaru
 10932 | Lair:3   | Found a runed translucent gate.
 10932 | Lair:3   | Found a runed translucent gate.
 10932 | Lair:3   | Found a runed translucent gate.
 10937 | Lair:3   | Noticed a great orb of eyes
 10938 | Lair:3   | Noticed Ceyvaan's ghost (journeyman DEFE)
 11147 | Lair:3   | Reached skill level 17 in Unarmed Combat
 11160 | Lair:3   | Reached XP level 13. HP: 99/104 MP: 12/12
 11210 | Lair:3   | Noticed a dire elephant
 11352 | Lair:3   | Killed a dire elephant
 11352 | Lair:3   | Identified the +0 robe of Prudence {Int+4 Archmagi}
                  | (Okawaru gifted it to you on level 3 of the Lair of Beasts)
 11352 | Lair:3   | Received a gift from Okawaru
 11799 | Lair:3   | Found a viscous altar of Jiyva.
 12333 | Lair:4   | Received a gift from Okawaru
 12627 | Lair:4   | Found a staircase to the Slime Pits.
 12644 | Lair:5   | Entered Level 5 of the Lair of Beasts
 12888 | Lair:5   | Reached skill level 18 in Unarmed Combat
 13178 | Lair:5   | Identified the +8 broad axe "Ulaz" {chaos, rC- Int+4 Dex+2}
                  | (Okawaru gifted it to you on level 5 of the Lair of Beasts)
 13178 | Lair:5   | Received a gift from Okawaru
 13241 | Lair:5   | Found a runed translucent door.
 13243 | Lair:5   | Noticed itabs500's ghost (journeyman TrBe)
 13485 | Lair:5   | Reached skill level 1 in Invocations
 13493 | Lair:5   | Reached XP level 14. HP: 89/111 MP: 13/13
 14392 | D:11     | Received a gift from Okawaru
 14520 | D:11     | Found a staircase to the Orcish Mines.
 15103 | D:12     | Reached skill level 19 in Unarmed Combat
 15203 | D:12     | Found a portal to a secret trove of treasure.
 15823 | D:13     | Identified the +1 triple sword "Mearoy" {protect, rC+}
                  | (Okawaru gifted it to you on level 13 of the Dungeon)
 15823 | D:13     | Received a gift from Okawaru
 15923 | D:13     | Identified the ring of the Crown {Int+5 SInv}
 15937 | D:13     | Found a gate to the Vaults.
 17123 | D:14     | Received a gift from Okawaru
 17456 | D:15     | Entered Level 15 of the Dungeon
 17504 | D:15     | Reached skill level 5 in Invocations
 17658 | D:15     | Found a staircase to the Depths.
 17692 | D:15     | Reached XP level 15. HP: 106/118 MP: 16/18
 17766 | Depths:1 | Entered Level 1 of the Depths
 17794 | Depths:1 | Reached skill level 20 in Unarmed Combat
 17850 | Depths:1 | Reached skill level 1 in Fighting
 17924 | Depths:1 | Received a gift from Okawaru
 18212 | Depths:1 | HP: 2/124 [white very ugly thing (53)]
 18221 | Depths:1 | Killed from afar by a smoke demon

Illustrated notes

Levels and vault maps discovered:
D:1:      onia_arrival_pentagram, layout_basic,
          ebering_ecumenical_altar_abandoned, dreamdust_princess_corridor,
          hex_large
D:2:      layout_rooms, basic_altar, grunt_decor_resistance,
          minmay_misc_feat_roman
D:3:      minmay_inner_zag, layout_basic, kennysheep_generic_room_14
D:4:      layout_cave_pods, kennysheep_little_box, nicolae_vehumet_altar_sigil,
          kennysheep_windowed_goal, uniq_sigmund, uniq_edmund
D:5:      layout_basic, minmay_temple_entry_offerings, gup_sewer_entry_bubbles,
          cheibrodos_gnoll_hut
D:6:      layout_cave_pools, general_overflow_altar, marbit_many_paths,
          tso_oasis_becter, uniq_eustachio, uniq_grinder
D:7:      layout_loops_corners, nicolae_ashenzari_skybound, serial_shops,
          nicolae_lakefront_shop, uniq_crazy_yiuf_cottage, uniq_maggie,
          uniq_pikel
D:8:      layout_loops_ring, uniq_joseph
D:9:      layout_rooms, dpeg_lair_monsters
D:10:     layout_loops_ring, mainiacjoe_overflow_chevrons
D:11:     layout_gridville, orc_0_dummy
D:12:     layout_rooms, enter_trove_3, argonaut_gorgonesque
D:13:     layout_basic, grunt_vaults_entry_tiered
D:14:     layout_irregular_city, minmay_misc_feat_columns
D:15:     hangedman_depths_entry_try_elsewhere_first, layout_basic,
          nemelex_lonely_heart_becter, uniq_josephine
Temple:   hellmonk_temple_divided_pantheon
Lair:1:   layout_concentric_octagons
Lair:2:   layout_chaotic_city, minmay_swamp_entry_worms,
          nicolae_spider_entry_tight_spaces, serial_bayou, serial_bayou_lake_a,
          serial_bayou_shore_b, serial_bayou_lagoon_a, serial_bayou_lagoon_b,
          kennysheep_snail_temple
Lair:3:   layout_concentric_octagons, gammafunk_ghost_ooze,
          nicolae_lair_lakeside_cave
Lair:4:   layout_regular_city, nicolae_slime_entry_slimehenge,
          serial_bayou_shore_b
Lair:5:   due_jungle_book, layout_gridlike, ebering_ghost_inner_flame,
          infiniplex_staircase_pool
Depths:1: layout_gridlike, abyss_entry, pan_entry, hellmouth_3,
          minmay_misc_feat_more_columns, grunt_ministairs_12,
          nicolae_transporter_circle, uniq_nikola

Skill      XL: |  1  2  3  4  5  6  7  8  9 10 11 12 13 14 15 |
---------------+----------------------------------------------+-----
Unarmed Combat | 1 2 3 5 7 9 11 13 15 17 18 19 20 | 20.0
Evocations     | 3 4 5 6 7 8 |  8.2
Armour         | 3 5 7 8 9 |  9.0
Shields        | 3 5 7 8 |  8.5
Invocations    | 1 5 |  5.4
Fighting       | 2 |  2.4
Dodging        | |  1.9
Stealth        | |  0.3

Action                   |  1- 3 |  4- 6 |  7- 9 | 10-12 | 13-15 || total
-------------------------+-------+-------+-------+-------+-------++-------
Melee: Unarmed           |    87 |   143 |   287 |   601 |   889 ||  2007
       Punch             |     2 |     4 |     9 |     7 |       ||    22
Throw: Dart              |       |       |       |     3 |       ||     3
Invok: Heroism           |       |       |       |     6 |    18 ||    24
       Finesse           |       |       |       |       |     3 ||     3
Evoke: Wand              |       |     4 |    10 |    29 |    24 ||    67
       Phial of floods   |       |       |       |     1 |     1 ||     2
  Use: Potion            |       |     1 |       |     6 |     4 ||    11
       Scroll            |       |       |    13 |    10 |    12 ||    35
 Stab: Sleeping          |     1 |     1 |       |       |       ||     2
       Petrified         |       |       |       |       |     1 ||     1
Armor: Robe              |    52 |    54 |    78 |       |       ||   184
       Skin              |       |     3 |       |       |     6 ||     9
       Swamp dragon scal |       |       |     9 |   235 |   329 ||   573
Dodge: Dodged            |    58 |    67 |   135 |   230 |   247 ||   737
Block: Kite shield       |       |       |       |   192 |   405 ||   597
       Reflection        |       |       |       |     4 |    16 ||    20
